cohdb
Replays
Latest Replays
All Replays
Popular Replays
Top Player Replays
Match Explorer
How It Works
Community
CoH3 Stats
Reddit
Sign in to upload your games and track your stats! →
Sign in with Steam
Match 41497801
Unlisted
Match 41497801
Overview
Messages
Build Orders
End
Panzergrenadier Squad
250 Light Carrier
Panzergrenadier Squad
Panzergrenadier Squad
Construct Light Support Kompanie
Selects Panzerjäger Kommand Battlegroup
Selects Tank Busters
Selects Mine Fields
Panzerjäger Squad
Fire Support Elements
Assault Mechanized Group
2.5-tonne Medical Truck
Veteran Squad Leaders
Selects Defensive Positions
Selects Butterfly Bomb Drop
Butterfly Bomb Drop
Construct Panzerarmee Kommand
Butterfly Bomb Drop
Panzer III L Medium Tank
Butterfly Bomb Drop
Panzerjäger Mechanized Group
Selects Crew Shock Tactics
Fortune
AfroNinja
0
0
Comments
sign in to comment!
No comments posted yet!